 Dungeon Crawl Stone Soup version 0.31.0-32-g396128a36d (webtiles) character file.

Game seed: 15220225543898427180

771 jagang the Slasher (level 7, -3/55 HPs)
             Began as a Human Monk on Mar 13, 2024.
             Slain by Duvessa
             ... wielding a +2 short sword of electrocution
              (15 damage)
             ... on level 5 of the Dungeon.
             The game lasted 00:11:49 (3506 turns).

jagang the Slasher (Human Monk)                     Turns: 3506, Time: 00:11:50

Health: -3/55      AC:  7    Str: 11    XL:     7   Next: 83%
Magic:  7/7        EV:  9    Int: 11    God:
Gold:   190        SH:  0    Dex: 17    Spells: 6/6 levels left

rFire   . . .        k - +0 scimitar
rCold   . . .        d - orb {light}
rNeg    . . .        q - +0 scale mail
rPois   .            (no helmet)
rElec   .            (no cloak)
rCorr   .            (no gloves)
SInv    .            y - +0 pair of boots
Will    .....        (no amulet) Stlth
                     (no ring)
HPRegen 0.29/turn    (no ring)
MPRegen 0.10/turn

%: no passive effects
@: glowing
A: explore regen
a: no special abilities


You were on level 5 of the Dungeon.
You visited 1 branch of the dungeon, and saw 5 of its levels.

You collected 303 gold pieces.
You spent 113 gold pieces at shops.

Inventory:

Hand Weapons
 k - a +0 scimitar (weapon)
Armour
 d - an orb of light (worn)
 q - a +0 scale mail (worn)
 y - a +0 pair of boots (worn)
Jewellery
 x - an amulet of the acrobat
 A - an amulet of guardian spirit
Wands
 p - a wand of flame (15)
 w - a wand of paralysis (12)
 z - a wand of acid (15)
Scrolls
 a - 2 scrolls of noise
 b - a scroll of amnesia
 e - 4 scrolls of teleportation
 f - 3 scrolls of vulnerability
 h - a scroll of butterflies {unknown}
 o - a scroll of enchant armour
 r - a scroll of immolation {unknown}
 s - 4 scrolls of revelation {unknown}
 u - 3 scrolls of fear {unknown}
 B - a scroll of fog {unknown}
Potions
 c - a potion of ambrosia
 g - a potion of invisibility {unknown}
 i - 2 potions of attraction
 j - a potion of might
 m - a potion of brilliance {unknown}
 t - a potion of experience {unknown}
 v - 2 potions of curing
 C - a potion of haste {unknown}


   Skills:
 + Level 4.8 Fighting
 * Level 7.7 Long Blades
 - Level 2.1 Throwing
 - Level 3.0 Dodging


You had 6 spell levels left.
You didn't know any spells.
Your spell library was empty.

Dungeon Overview and Level Annotations

Branches:
Dungeon (5/15)
 Temple: D:4-7

Altars:
Hepliaklqana
Makhleb
Uskayaw
Vehumet

Shops:
D:2 ![[[!

Annotations:
D:5 Dowan, Duvessa


Innate Abilities, Weirdness & Mutations

You regain HP and MP as you explore.


Message History

Dowan casts a spell.
Dowan blinks!
Duvessa hits you with a +2 short sword of electrocution.
You barely miss Duvessa.
Duvessa is severely wounded.
You feel sick.
You are no longer poisoned.
Duvessa hits you with a +2 short sword of electrocution!
You barely miss Duvessa.
Duvessa is severely wounded.
Duvessa closely misses you. x2
You slash Duvessa!
Duvessa is severely wounded.
Duvessa hits you with a +2 short sword of electrocution!
Okay, then.
You hit Duvessa but do no damage.
Duvessa is severely wounded.
Dowan looks more healthy.
Duvessa hits you with a +2 short sword of electrocution.
* * * LOW HITPOINT WARNING * * *
Duvessa hits you with a +2 short sword of electrocution.
* * * LOW HITPOINT WARNING * * *
You feel much better.
Duvessa hits you with a +2 short sword of electrocution.
You hit Duvessa.
Duvessa is severely wounded.
Duvessa hits you but does no damage.
You are electrocuted!
Dowan says, "Stay away from my face!"
Duvessa hits you with a +2 short sword of electrocution.
You are electrocuted!
* * * LOW HITPOINT WARNING * * *
You feel much better.
Duvessa hits you with a +2 short sword of electrocution!
* * * LOW HITPOINT WARNING * * *
You hit Duvessa.
Duvessa is almost dead.
Duvessa hits you with a +2 short sword of electrocution.
* * * LOW HITPOINT WARNING * * *
You are electrocuted!
You die...

.#.#.#.)..##..#
##รท..#.###.#..# .......
)'###### .#... .......
#......# .#..# .......
#......# .....(.
#......####### $.(....
#............# .......
#..........#.#####......#
#..........#....@ee.#
##........#########....#
##..>...## #### ########


You could see Duvessa (fast) and Dowan.

Vanquished Creatures
  A black bear (D:5)
  An ice beast (D:5)
  2 ogres (D:5)
  A scorpion (D:5)
  An orc priest (D:5)
  A hound (D:4)
  A jelly (D:5)
  An iguana (D:5)
  Jessica (D:3)
  Ijyb (D:3)
  2 orc wizards (D:5)
  A mummy (D:5)
  5 adders
  A dart slug (D:3)
  2 ribbon worms
  11 orcs
  10 ball pythons
  5 bats
  7 endoplasms
  3 giant cockroaches
  5 goblins
  11 hobgoblins
  4 jackals (D:3)
  A hobgoblin zombie (D:5)
  3 kobolds
  2 kobold zombies (D:5)
  An orc zombie (D:5)
  6 rats
91 creatures vanquished.

Notes
Turn   | Place    | Note
-------+----------+-------------------------------------------
     0 | D:1      | jagang the Human Monk began the quest for the Orb.
     0 | D:1      | Reached XP level 1. HP: 18/18 MP: 1/1
   154 | D:1      | Reached XP level 2. HP: 21/24 MP: 2/2
   722 | D:1      | Reached XP level 3. HP: 29/29 MP: 3/3
  1042 | D:2      | Found Quntaim's Antique Armour Shop.
  1059 | D:2      | Found Ora Nemisch's Armour Shop.
  1081 | D:2      | Found Xemepid's Distillery.
  1089 | D:2      | Bought a potion of degeneration for 10 gold pieces
  1090 | D:2      | Bought a potion of attraction for 30 gold pieces
  1090 | D:2      | Bought a potion of might for 40 gold pieces
  1216 | D:2      | Found Codgh's Distillery.
  1332 | D:2      | Found Upsocvau's Armour Boutique.
  1459 | D:2      | Bought a potion of curing for 33 gold pieces
  1552 | D:3      | Noticed Ijyb
  1552 | D:3      | Noticed Jessica
  1576 | D:3      | Reached skill level 4 in Long Blades
  1579 | D:3      | Killed Jessica
  1580 | D:3      | Reached skill level 1 in Throwing
  1580 | D:3      | Reached XP level 4. HP: 22/35 MP: 4/4
  1583 | D:3      | Killed Ijyb
  1689 | D:3      | Found a hazy altar of Hepliaklqana.
  1871 | D:3      | Found a burning altar of Makhleb.
  1873 | D:3      | Reached XP level 5. HP: 41/41 MP: 5/5
  2330 | D:4      | Reached skill level 5 in Long Blades
  2811 | D:5      | Entered Level 5 of the Dungeon
  2811 | D:5      | Noticed a black bear
  2817 | D:5      | Killed a black bear
  2818 | D:5      | Reached skill level 6 in Long Blades
  2818 | D:5      | Reached XP level 6. HP: 45/47 MP: 6/6
  2860 | D:5      | Noticed an ice beast
  2873 | D:5      | Killed an ice beast
  2901 | D:5      | Reached XP level 7. HP: 40/54 MP: 7/7
  3025 | D:5      | Found a radiant altar of Vehumet.
  3071 | D:5      | Reached skill level 7 in Long Blades
  3337 | D:5      | Found a hide-covered altar of Uskayaw.
  3482 | D:5      | Noticed Dowan
  3482 | D:5      | Noticed Duvessa
  3506 | D:5      | Slain by Duvessa

Illustrated notes

Levels and vault maps discovered:
D:1:      psy_arrival_statuary, layout_loops_cross
D:2:      layout_loops_ring, serial_shops, shop,
          nicolae_shop_just_a_little_nook, shop,
          nicolae_shop_temple_entry_statues_fountains, nicolae_shop_tiny_glass
D:3:      layout_loops_ring, nicolae_hepliaklqana_hippocampus,
          amcnicky_altar_gilded, uniq_ijyb, uniq_jessica
D:4:      layout_basic, hex_medium
D:5:      layout_rooms, mainiacjoe_overflow_swirl, fiery_altar_vehumet,
          minmay_temple_entry_butterflies, serial_bayou_pond_e,
          minmay_mini_ossuary, uniq_pikel, uniq_duvessa

Skill      XL: |  1  2  3  4  5  6  7 |
---------------+----------------------+-----
Long Blades    | 4 6 7 |  7.7
Throwing       | 1 2 |  2.1
Fighting       | 4 |  4.8
Dodging        | |  3.0

Action                     |  1- 3 |  4- 6 |  7- 9 || total
---------------------------+-------+-------+-------++-------
  Melee: Falchion          |    73 |       |       ||    73
         Scimitar          |    31 |    80 |    63 ||   174
  Throw: Dart              |       |     8 |     4 ||    12
  Evoke: Wand              |       |     2 |     6 ||     8
    Use: Scroll            |     4 |     1 |       ||     5
         Potion            |     2 |       |     3 ||     5
 Armour: Robe              |    47 |       |       ||    47
         Ring mail         |    19 |     2 |       ||    21
         Scale mail        |       |    48 |    48 ||    96
  Dodge: Dodged            |    89 |    41 |    22 ||   152
